[Event "Titled Tuesday Blitz October 18 Late 2022"]
[White "Caputcuoglu, Zeki Berke"]
[Black "Rengifo Blancas, Renzo Jhonathan"]
[WhiteFideId "34548610"]
[BlackFideId "3807185"]
[WhiteElo "2270"]
[BlackElo "2058"]
[Result "1-0"]
[Round "01"]
[TimeControl "180+1"]
[Date "2022.10.19"]
[WhiteClock "0:00:56"]
[BlackClock "0:00:03"]

1. e4 d6 2. d4 Nf6 3. Nc3 e5 4. Nf3 Nbd7 5. g4 h6 6. Bc4 Be7 7. g5 hxg5 8. Nxg5 O-O 9. Rg1 c6 10. Be3 b5 11. Bb3 exd4 12. Bxd4 Nc5 13. Qf3 Nxb3 14. axb3 Bg4 15. Qg3 Qd7 16. Bxf6 Bxf6 17. Qxg4 Qxg4 18. Rxg4 Rfe8 19. O-O-O a5 20. f3 a4 21. bxa4 bxa4 22. Nb1 Reb8 23. c3 a3 24. Nxa3 Bxc3 25. bxc3 Rxa3 26. Rxd6 Ra2 27. Rd2 Ra1+ 28. Kc2 g6 29. Rgg2 Ra2+ 30. Kd3 Ra3 31. Nh3 Kg7 32. Nf4 Kf6 33. Rc2 Rd8+ 34. Ke3 Ra1 35. Nd3 Rd1 36. Rgd2 Rh1 37. e5+ Kg7 38. Nf4 Rh8 39. Ra2 g5 40. Nd3 Rh3 41. Nf2 Re1+ 42. Kd4 Rxf3 43. Ne4 Rf4 44. Re2 Rd1+ 45. Kc5 Rc1 46. Re3 g4 47. Kxc6 Rf5 48. Nd6 Rf3 49. Rxf3 gxf3 50. c4 Rf1 51. c5 Kg6 52. Kc7 f5 53. exf6 Kxf6 54. Ne4+ Ke5 55. Ng3 Rc1 56. c6 Kf4 57. Kd7 Ke3 58. c7 f2 59. c8=Q Rd1+ 60. Ke7 Re1 61. Kf7 Kf3 62. Qc6+ Kg4 63. Rxf2 Kh3 64. Qh6+ Kg4 65. Qh5# 1-0


[Site "https://www.chess.com"]

[Event "Titled Tuesday Blitz October 18 Late 2022"]
[White "Carbone, Diego"]
[Black "Rustemov, Alexander"]
[WhiteFideId "3002179"]
[BlackFideId "4119002"]
[WhiteElo "2243"]
[BlackElo "2751"]
[Result "0-1"]
[Round "01"]
[TimeControl "180+1"]
[Date "2022.10.19"]
[WhiteClock "0:00:08"]
[BlackClock "0:00:33"]

1. d4 g6 2. c4 Bg7 3. g3 c5 4. d5 b5 5. cxb5 a6 6. bxa6 Bxa6 7. Bg2 d6 8. Nc3 Qa5 9. Bd2 Nd7 10. Nf3 Ngf6 11. O-O O-O 12. a4 Rfb8 13. Nb5 Qb6 14. Bc3 Bxb5 15. axb5 Qxb5 16. Rxa8 Rxa8 17. Re1 Ne4 18. Bxg7 Kxg7 19. Nd2 Nxd2 20. Qxd2 Rb8 21. Rb1 Qb3 22. Be4 Ne5 23. Qc3 f5 24. Bc2 Qxc3 25. bxc3 Rxb1+ 26. Bxb1 Nd7 27. f4 Nb6 28. e4 Na4 29. c4 Nc3 30. Bc2 Nxe4 31. Bxe4 fxe4 32. g4 Kf6 33. h4 e6 34. dxe6 Kxe6 35. Kf2 h5 36. g5 d5 37. Ke3 dxc4 38. Kxe4 c3 39. Kd3 Kf5 40. Kxc3 Kxf4 41. Kc4 Kg4 42. Kxc5 Kxh4 0-1


[Site "https://www.chess.com"]

[Event "Titled Tuesday Blitz October 18 Late 2022"]
[White "Castellanos Gomez, Alejandro"]
[Black "Dahlgren, James Allen"]
[WhiteFideId "22284141"]
[BlackFideId "22256873"]
[WhiteElo "2168"]
[BlackElo "2156"]
[Result "1-0"]
[Round "01"]
[TimeControl "180+1"]
[Date "2022.10.19"]
[WhiteClock "0:00:52"]
[BlackClock "0:01:08"]

1. d4 e6 2. Bf4 c5 3. e3 Nf6 4. c3 d5 5. Nd2 Nc6 6. Ngf3 Qb6 7. Rb1 Bd7 8. Bd3 a5 9. Ne5 Nxe5 10. dxe5 Ng8 11. O-O g6 12. e4 Ne7 13. Qg4 h5 14. Qg3 Bg7 15. Bg5 dxe4 16. Nxe4 Nf5 17. Qf4 Bb5 18. Bxb5+ Qxb5 19. Rfd1 O-O 20. Bf6 Bxf6 21. exf6 Rad8 22. h3 Qe2 23. Re1 Qc2 24. g4 Nh4 25. Qh6 Nf3+ 26. Kh1 1-0


[Site "https://www.chess.com"]

[Event "Titled Tuesday Blitz October 18 Late 2022"]
[White "Celestino, Rafael Teixeira"]
[Black "Bispo, Leonardo"]
[WhiteFideId "2108925"]
[BlackFideId "2107899"]
[WhiteElo "2316"]
[BlackElo "2253"]
[Result "1-0"]
[Round "01"]
[TimeControl "180+1"]
[Date "2022.10.19"]
[WhiteClock "0:00:25"]
[BlackClock "0:00:55"]

1. e4 e5 2. Nf3 Nf6 3. Nxe5 d6 4. Nf3 Nxe4 5. d4 d5 6. Bd3 Nc6 7. O-O Be7 8. Re1 Bf5 9. Bf4 O-O 10. Nbd2 Nxd2 11. Qxd2 Bg4 12. Ne5 Nxe5 13. dxe5 c5 14. h3 Be6 15. c3 h6 16. Bxh6 c4 17. Bc2 d4 18. cxd4 Qb6 19. Bg5 Bb4 20. Qf4 Bxe1 21. Rxe1 Qxb2 22. Qe4 g6 23. Bf6 Qb4 24. Rb1 Qd2 25. Qh4 1-0


[Site "https://www.chess.com"]

[Event "Titled Tuesday Blitz October 18 Late 2022"]
[White "Daeschler, Florian"]
[Black "Hambleton, Aman"]
[WhiteFideId "20678193"]
[BlackFideId "2606577"]
[WhiteElo "2187"]
[BlackElo "2538"]
[Result "0-1"]
[Round "01"]
[TimeControl "180+1"]
[Date "2022.10.19"]
[WhiteClock "0:00:17"]
[BlackClock "0:00:03"]

1. e4 c5 2. Nc3 e6 3. Nf3 Nc6 4. Bb5 Nge7 5. O-O a6 6. Bxc6 Nxc6 7. d4 cxd4 8. Nxd4 Qc7 9. Be3 Ne5 10. Kh1 b5 11. a3 Bb7 12. Rb1 Nc4 13. Qe1 Bc5 14. f4 Qb6 15. Rd1 Nxb2 16. Rd2 Nc4 17. Rd3 Nb2 18. Rd2 Nc4 19. Rd3 Nxe3 20. Qxe3 f6 21. Qd2 O-O 22. Rd1 Bxa3 23. Nf3 Bc6 24. Nb1 Bc5 25. Qe1 Rac8 26. Qh4 d6 27. Nbd2 Qc7 28. Qh3 Qe7 29. Nh4 a5 30. Rg3 a4 31. f5 e5 32. Qg4 Rfd8 33. Qh5 Qf7 34. Ng6 Be8 35. Rh3 h6 36. Rg3 Kh7 37. Rh3 Qg8 38. Nf3 Bf7 39. Qg4 Qe8 40. Rh4 Bxg6 41. fxg6+ Qxg6 42. Qh3 Qf7 43. Rg4 Qd7 44. Nh4 Rh8 45. Nf5 Kg8 46. Rg6 Rh7 47. Qg4 Kh8 48. Qh5 Rg8 49. Rd3 a3 50. h3 a2 51. Rdg3 a1=Q+ 52. Kh2 Qg1# 0-1


[Site "https://www.chess.com"]

[Event "Titled Tuesday Blitz October 18 Late 2022"]
[White "Dardha, Daniel"]
[Black "Mazurkiewicz, Michal"]
[WhiteFideId "240990"]
[BlackFideId "1124943"]
[WhiteElo "2528"]
[BlackElo "2063"]
[Result "1-0"]
[Round "01"]
[TimeControl "180+1"]
[Date "2022.10.19"]
[WhiteClock "0:01:07"]
[BlackClock "0:00:05"]

1. e4 d6 2. d4 Nf6 3. f3 c5 4. d5 g6 5. c4 Bg7 6. Nc3 O-O 7. Be3 e6 8. Qd2 exd5 9. cxd5 a6 10. a4 Nbd7 11. Nge2 Ne5 12. Ng3 h5 13. Be2 h4 14. Nf1 Bd7 15. Bg5 b5 16. axb5 axb5 17. Rxa8 Qxa8 18. Bxh4 c4 19. Ne3 Nh5 20. Nc2 Qa5 21. O-O b4 22. Nd1 c3 23. bxc3 bxc3 24. Qe3 Ba4 25. Nd4 Qc5 26. Qxc3 Bxd1 27. Qxc5 dxc5 28. Rxd1 cxd4 29. Be7 Re8 30. d6 Nf4 31. Bb5 Rb8 32. d7 Nxd7 33. Bxd7 Rb7 34. Bg5 Nh3+ 35. Bxh3 Rd7 36. Bxd7 1-0


[Site "https://www.chess.com"]

[Event "Titled Tuesday Blitz October 18 Late 2022"]
[White "De La Colina, Nicolas"]
[Black "Thiel, Thomas"]
[WhiteFideId "30946921"]
[BlackFideId "4615964"]
[WhiteElo "2046"]
[BlackElo "2253"]
[Result "1/2-1/2"]
[Round "01"]
[TimeControl "180+1"]
[Date "2022.10.19"]
[WhiteClock "0:00:13"]
[BlackClock "0:01:11"]

1. e4 d5 2. exd5 Nf6 3. Nf3 Nxd5 4. d4 g6 5. Be2 Bg7 6. O-O O-O 7. c4 Nb6 8. h3 Nc6 9. Be3 e5 10. d5 Ne7 11. Nc3 Nf5 12. Bc5 Re8 13. Re1 c6 14. dxc6 bxc6 15. Ne4 Nd4 16. Nxd4 exd4 17. Bd3 Bf5 18. b3 Nd7 19. Ba3 Qa5 20. Bb2 c5 21. g4 Bxe4 22. Bxe4 Rab8 23. Bc6 Qc7 24. Bg2 Qf4 25. Bc1 Qd6 26. Bd5 Nf6 27. Bf3 Rxe1+ 28. Qxe1 Re8 29. Qd1 Ne4 30. Bb2 Qf6 31. Kg2 Qf4 32. Bc1 Qf6 33. Bb2 Qf4 34. Bc1 Qf6 35. Bb2 1/2-1/2


[Site "https://www.chess.com"]

[Event "Titled Tuesday Blitz October 18 Late 2022"]
[White "De Souza, Cristiano Gomes"]
[Black "Vlassov, Nikolai"]
[WhiteFideId "2151758"]
[BlackFideId "4103360"]
[WhiteElo "2068"]
[BlackElo "2324"]
[Result "0-1"]
[Round "01"]
[TimeControl "180+1"]
[Date "2022.10.19"]
[WhiteClock "0:00:37"]
[BlackClock "0:01:55"]

1. d4 Nf6 2. c4 Nc6 3. Nf3 e6 4. a3 g6 5. Nc3 Bg7 6. e4 d5 7. cxd5 exd5 8. e5 Ne4 9. Bd3 Bf5 10. O-O O-O 11. Qe2 Nxc3 12. bxc3 Bxd3 13. Qxd3 Na5 14. Nd2 Qd7 15. a4 a6 16. Ba3 Rfe8 17. Bb4 Nc6 18. Nb3 b6 19. a5 Nxb4 20. cxb4 Qb5 21. Qxb5 axb5 22. Rfc1 Rec8 23. Rc6 Bf8 24. axb6 cxb6 25. Rxa8 Rxc6 26. g3 Rc4 27. Nd2 Rxd4 28. Nf3 Rxb4 29. Rb8 Kg7 30. Rxb6 Rb2 31. Rb7 Bc5 32. Ng5 Rxf2 33. Ne6+ Kh6 34. Nxc5 Re2 35. Nd7 d4 36. Rxb5 d3 37. Rd5 d2 38. Kf1 Re1+ 39. Kf2 d1=Q 40. Rxd1 Rxd1 41. Nf6 Ra1 42. h4 Ra5 43. Kf3 Kg7 44. Kf4 h6 45. g4 Kf8 46. h5 g5+ 47. Kf5 Ra4 48. Nd5 Kg7 49. e6 fxe6+ 50. Kxe6 Rxg4 51. Ne7 Re4+ 52. Kd6 Rxe7 53. Kxe7 g4 0-1


[Site "https://www.chess.com"]

[Event "Titled Tuesday Blitz October 18 Late 2022"]
[White "Deac, Bogdan-Daniel"]
[Black "Kanter, Eduard"]
[WhiteFideId "1226380"]
[BlackFideId "4103963"]
[WhiteElo "2648"]
[BlackElo "2267"]
[Result "1-0"]
[Round "01"]
[TimeControl "180+1"]
[Date "2022.10.18"]
[WhiteClock "0:00:18"]
[BlackClock "0:00:04"]

1. d4 d5 2. Nf3 Nf6 3. c4 e6 4. e3 a6 5. b3 c5 6. cxd5 exd5 7. Bb2 Nc6 8. Nc3 Bg4 9. Be2 Bxf3 10. Bxf3 cxd4 11. exd4 Be7 12. O-O O-O 13. a3 Re8 14. Re1 Qd7 15. g3 Bf8 16. Qd3 g6 17. b4 h5 18. h4 Bg7 19. Kg2 Ne4 20. Nxd5 Qxd5 21. Rxe4 Qd7 22. Rd1 Rad8 23. d5 Rxe4 24. Qxe4 Ne7 25. Bxg7 Kxg7 26. d6 Nf5 27. Qxb7 1-0


[Site "https://www.chess.com"]

[Event "Titled Tuesday Blitz October 18 Late 2022"]
[White "Domingo Nunez, Ruben"]
[Black "Araujo, Everson De Moura"]
[WhiteFideId "22245570"]
[BlackFideId "22737197"]
[WhiteElo "2406"]
[BlackElo "1995"]
[Result "1-0"]
[Round "01"]
[TimeControl "180+1"]
[Date "2022.10.19"]
[WhiteClock "0:01:21"]
[BlackClock "0:00:23"]

1. c4 e5 2. Nc3 Nc6 3. Nf3 Nf6 4. e3 Bb4 5. Be2 O-O 6. O-O d5 7. cxd5 Nxd5 8. Qc2 Be6 9. a3 Be7 10. b4 a6 11. Bb2 Nb6 12. Ne4 f6 13. Rfd1 Qd5 14. d4 Bf5 15. Bd3 exd4 16. Nxd4 Bd7 17. Nc5 Nxd4 18. Bxd4 Bc6 19. Bxh7+ Kh8 20. Be4 Qh5 21. Bxc6 bxc6 22. Ne6 Bd6 23. g3 Rfe8 24. Qxc6 Rxe6 25. Bxb6 Bxg3 26. Qxa8+ Kh7 27. hxg3 Qf3 28. Qxf3 1-0


[Site "https://www.chess.com"]

[Event "Titled Tuesday Blitz October 18 Late 2022"]
[White "Efremov, Vladislav"]
[Black "Rastbod, Ali"]
[WhiteFideId "44159935"]
[BlackFideId "12567477"]
[WhiteElo "2118"]
[BlackElo "2248"]
[Result "0-1"]
[Round "01"]
[TimeControl "180+1"]
[Date "2022.10.19"]
[WhiteClock "0:01:14"]
[BlackClock "0:01:22"]

1. d4 Nf6 2. c4 e6 3. Nf3 Bb4+ 4. Bd2 Qe7 5. g3 O-O 6. Bg2 Bxd2+ 7. Qxd2 d6 8. Nc3 e5 9. O-O Re8 10. e4 Bg4 11. dxe5 dxe5 12. Nd5 Qd8 13. Qg5 Bxf3 14. Nxf6+ Qxf6 15. Qxf6 gxf6 16. Bxf3 Nc6 17. Rfd1 Nd4 18. Bg4 Red8 19. Kf1 Rd6 20. Rac1 Rad8 21. Rd2 Kg7 22. Rcd1 Ra6 23. b3 c5 24. f4 Rad6 25. Kf2 a6 26. Be2 Re8 27. f5 Red8 28. Ke3 b5 29. cxb5 axb5 30. a4 c4 31. bxc4 bxa4 32. Ra2 Ra8 33. c5 Rc6 34. Rc1 Ra5 35. Rc4 a3 36. Rc3 Rcxc5 37. Raxa3 Rxa3 38. Rxa3 Nc2+ 0-1


[Site "https://www.chess.com"]

[Event "Titled Tuesday Blitz October 18 Late 2022"]
[White "Fawzy, Adham"]
[Black "Besedes, Danilo"]
[WhiteFideId "10613129"]
[BlackFideId "946796"]
[WhiteElo "2541"]
[BlackElo "2352"]
[Result "1-0"]
[Round "01"]
[TimeControl "180+1"]
[Date "2022.10.19"]
[WhiteClock "0:01:23"]
[BlackClock "0:00:12"]

1. e4 e6 2. d4 d5 3. Nc3 dxe4 4. Nxe4 Nd7 5. g4 Ngf6 6. Nxf6+ Nxf6 7. g5 Ne4 8. Bg2 Nd6 9. h4 Bd7 10. Bf4 Rb8 11. Ne2 Be7 12. Qd3 Bb5 13. Qb3 Bxe2 14. Kxe2 Nf5 15. c3 Bd6 16. Bd2 O-O 17. Rad1 c5 18. dxc5 Bxc5 19. Bf4 Qe7 20. Bxb8 Rxb8 21. Qc4 Bb6 22. Bh3 Nd6 23. Qb4 Bc7 24. Rd3 Rd8 25. Rhd1 b6 26. Kf1 g6 27. Qa4 a5 28. Qc6 Kg7 29. b4 axb4 30. cxb4 h6 31. Qc3+ Kh7 32. Qf6 Qxf6 33. gxf6 Kg8 34. a4 Kf8 35. Bg2 g5 36. hxg5 hxg5 37. a5 bxa5 38. bxa5 e5 39. a6 e4 40. Bxe4 Re8 41. Bc6 Re6 42. a7 1-0


[Site "https://www.chess.com"]

[Event "Titled Tuesday Blitz October 18 Late 2022"]
[White "Fernandez Hernandez, Gerardo"]
[Black "Rostomyan, Mikayel"]
[WhiteFideId "2207400"]
[BlackFideId "13313754"]
[WhiteElo "2191"]
[BlackElo "2018"]
[Result "1/2-1/2"]
[Round "01"]
[TimeControl "180+1"]
[Date "2022.10.19"]
[WhiteClock "0:00:02"]
[BlackClock "0:00:19"]

1. e4 c5 2. d3 Nc6 3. g3 d6 4. Bg2 g6 5. f4 Bg7 6. Nf3 e6 7. O-O Nge7 8. c3 O-O 9. Be3 f5 10. Na3 b6 11. Qe2 Rb8 12. Rae1 e5 13. exf5 Nxf5 14. Bd2 Bd7 15. Nc4 b5 16. Ne3 Nxe3 17. Bxe3 b4 18. fxe5 Nxe5 19. Nxe5 Bxe5 20. Bd5+ Kh8 21. Bh6 Rxf1+ 22. Rxf1 Qe8 23. Rf8+ Qxf8 24. Bxf8 Rxf8 25. Qd2 bxc3 26. bxc3 Rb8 27. d4 cxd4 28. cxd4 Bg7 29. Qf4 Bf5 30. Bb3 h6 31. Qxd6 Rc8 32. Kf2 Rf8 33. Ke3 h5 34. d5 Re8+ 35. Kd2 Bh6+ 36. Kc3 Rc8+ 37. Kd4 Bg7+ 38. Ke3 Re8+ 39. Kd2 Bg4 40. Bc4 Bf5 41. Bb3 1/2-1/2


[Site "https://www.chess.com"]

[Event "Titled Tuesday Blitz October 18 Late 2022"]
[White "Ferreira, Vitor Hugo Vieira"]
[Black "Mahdavi, Reza"]
[WhiteFideId "2119765"]
[BlackFideId "12595926"]
[WhiteElo "2168"]
[BlackElo "2240"]
[Result "0-1"]
[Round "01"]
[TimeControl "180+1"]
[Date "2022.10.19"]
[WhiteClock "0:01:09"]
[BlackClock "0:01:39"]

1. e4 c5 2. Nf3 e6 3. d4 cxd4 4. Nxd4 Nc6 5. Nc3 Qc7 6. Be3 a6 7. Qf3 Nf6 8. Qg3 Qxg3 9. hxg3 Ng4 10. Nxc6 Nxe3 11. Nd4 Nxf1 12. Rxf1 b5 13. O-O-O Bb7 14. f3 h5 15. Kb1 Bc5 16. Nb3 Bb6 17. e5 Ke7 18. Nd2 Bd4 19. Rfe1 Bf2 20. Re2 Bxg3 21. Nde4 Bxe4 22. Nxe4 Bxe5 23. Nc5 Bd6 24. Nxd7 Kxd7 25. Red2 Ke7 26. Rxd6 Rhd8 27. Rxd8 Rxd8 28. Rxd8 Kxd8 29. c4 bxc4 30. Kc2 g5 31. Kc3 f5 32. Kxc4 Kc7 33. Kd4 Kd6 34. b4 e5+ 35. Ke3 Kd5 36. Kd3 h4 37. a4 g4 38. fxg4 fxg4 39. Ke3 h3 40. gxh3 gxh3 41. Kf3 e4+ 42. Kg3 e3 43. Kxh3 e2 0-1


[Site "https://www.chess.com"]

[Event "Titled Tuesday Blitz October 18 Late 2022"]
[White "Firouzja, Alireza"]
[Black "Becerra, Juan David"]
[WhiteFideId "12573981"]
[BlackFideId "4404998"]
[WhiteElo "2903"]
[BlackElo "2278"]
[Result "1-0"]
[Round "01"]
[TimeControl "180+1"]
[Date "2022.10.18"]
[WhiteClock "0:00:09"]
[BlackClock "0:00:01"]

1. d4 d5 2. Bg5 Nd7 3. Nf3 Ngf6 4. e3 c6 5. Nbd2 h6 6. Bh4 g5 7. Bg3 Nh5 8. c4 Bg7 9. cxd5 cxd5 10. Rc1 Nxg3 11. hxg3 e6 12. Bd3 Qb6 13. Qc2 Nf6 14. Ne5 Bd7 15. O-O Rc8 16. Nxd7 Rxc2 17. Nxb6 Rxd2 18. Bb5+ Ke7 19. Rc7+ Kd6 20. Rxf7 Rxb2 21. a4 axb6 22. Rxg7 Rh7 23. Rxh7 Nxh7 24. g4 Nf6 25. f3 h5 26. gxh5 Nxh5 27. g4 Nf6 28. Rc1 e5 29. dxe5+ Kxe5 30. Rc7 d4 31. exd4+ Kxd4 32. Rxb7 Nd5 33. Rd7 Ke5 34. Rf7 Nf4 35. Kf1 Kd4 36. Re7 Nd5 37. Re4+ Kc5 38. Re5 Kd4 39. Rxg5 Nf4 40. Ke1 Ke3 41. Re5+ Kxf3 42. g5 Rg2 43. Kd1 Rb2 44. Kc1 Rb3 45. Kc2 Rb4 46. Kc3 Rb1 47. Kc2 Rb4 48. Rf5 Kg4 49. Rf6 Kxg5 50. Rxb6 Nd5 51. Rb7 Kf4 52. a5 Ke5 53. a6 Rh4 54. a7 Rh8 55. Rb8 Rh2+ 56. Kb3 Nc7 57. Rc8 Rh3+ 58. Kb4 Rh4+ 59. Bc4 Nd5+ 60. Kc5 Rxc4+ 61. Kxc4 Nb6+ 62. Kb3 1-0


[Site "https://www.chess.com"]

[Event "Titled Tuesday Blitz October 18 Late 2022"]
[White "Forgacs, Attila Jr."]
[Black "Bazeev, German"]
[WhiteFideId "773654"]
[BlackFideId "24119350"]
[WhiteElo "2168"]
[BlackElo "2493"]
[Result "1-0"]
[Round "01"]
[TimeControl "180+1"]
[Date "2022.10.19"]
[WhiteClock "0:01:27"]
[BlackClock "0:01:07"]

1. e4 c5 2. Nf3 Nf6 3. e5 Nd5 4. Nc3 Nxc3 5. dxc3 e6 6. Bg5 Qb6 7. b3 h6 8. Bh4 Nc6 9. Bc4 Qc7 10. Bg3 b6 11. O-O Bb7 12. Qd2 g5 13. Rfe1 O-O-O 14. a4 g4 15. Nh4 d5 16. exd6 Bxd6 17. Bxd6 Qxd6 18. Qe2 h5 19. Ba6 Qe7 20. Bxb7+ Kxb7 21. g3 Qf6 22. a5 Ra8 23. Qe4 Rhd8 24. b4 cxb4 25. cxb4 Rd4 26. Qe2 Rxb4 27. axb6 Rxb6 28. Reb1 Qe5 29. Qa6+ 1-0


[Site "https://www.chess.com"]

[Event "Titled Tuesday Blitz October 18 Late 2022"]
[White "Galchenko, Matvey"]
[Black "Chan, Kim Yew"]
[WhiteFideId "24175480"]
[BlackFideId "5717981"]
[WhiteElo "2423"]
[BlackElo "2206"]
[Result "1-0"]
[Round "01"]
[TimeControl "180+1"]
[Date "2022.10.18"]
[WhiteClock "0:02:25"]
[BlackClock "0:00:55"]

1. f4 d5 2. Nf3 Nf6 3. g3 g6 4. Bg2 Bg7 5. O-O O-O 6. d3 c5 7. Ne5 Nbd7 8. Nxd7 Bxd7 9. e4 dxe4 10. dxe4 e5 11. Nc3 Bc6 12. Be3 Qxd1 13. Raxd1 exf4 14. gxf4 Rfe8 15. e5 Bxg2 16. Kxg2 Ng4 17. Bxc5 b6 18. Bg1 Red8 19. Nd5 Kf8 20. c3 Rd7 21. Ne3 Nh6 22. Rxd7 1-0


[Site "https://www.chess.com"]

[Event "Titled Tuesday Blitz October 18 Late 2022"]
[White "Garagulya, Konstantin"]
[Black "Pap, Gyula"]
[WhiteFideId "4128931"]
[BlackFideId "725323"]
[WhiteElo "2329"]
[BlackElo "2519"]
[Result "0-1"]
[Round "01"]
[TimeControl "180+1"]
[Date "2022.10.18"]
[WhiteClock "0:01:41"]
[BlackClock "0:01:12"]

1. d4 e6 2. Nf3 c5 3. e3 b6 4. Bd3 Bb7 5. O-O Nf6 6. Nbd2 cxd4 7. exd4 Be7 8. c3 O-O 9. Re1 d6 10. Nc4 Nbd7 11. h3 b5 12. Ne3 a6 13. a4 Bc6 14. Qe2 bxa4 15. Bxa6 Bxf3 16. gxf3 Nb6 17. Bb5 Qc7 18. Nf5 Nfd5 19. Nxe7+ Nxe7 20. Bg5 Ng6 21. Ra2 a3 22. Rea1 axb2 23. Qxb2 Rxa2 24. Rxa2 Rb8 25. Qc1 h6 26. Be3 Nc4 27. Ba6 d5 28. Ra4 Nxe3 29. Qxe3 Rb1+ 30. Bf1 Qb8 31. c4 dxc4 32. Rxc4 Nf4 33. h4 Rxf1+ 34. Kxf1 Qb1+ 35. Qe1 Qd3+ 36. Kg1 Qxc4 0-1


[Site "https://www.chess.com"]

[Event "Titled Tuesday Blitz October 18 Late 2022"]
[White "Garrido, Denis"]
[Black "Aldokhin, Ivan"]
[WhiteFideId "601217"]
[BlackFideId "24115720"]
[WhiteElo "2225"]
[BlackElo "2313"]
[Result "0-1"]
[Round "01"]
[TimeControl "180+1"]
[Date "2022.10.19"]
[WhiteClock "0:00:14"]
[BlackClock "0:00:22"]

1. c4 Nf6 2. Nc3 g6 3. d4 Bg7 4. Nf3 O-O 5. e4 d6 6. Be2 Nc6 7. d5 Nb4 8. a3 Na6 9. Be3 Re8 10. O-O e6 11. Rc1 exd5 12. exd5 Nc5 13. b4 Nce4 14. Nb5 a6 15. Nbd4 Ng4 16. Bf4 Qf6 17. Bg3 Nxg3 18. hxg3 g5 19. Qd2 Qh6 20. Rfe1 Re4 21. Bd3 Bxd4 22. Rxe4 Bxf2+ 23. Kf1 Ba7 24. Re8+ Kg7 25. Qxg5+ Qxg5 26. Nxg5 Be3 0-1


[Site "https://www.chess.com"]

[Event "Titled Tuesday Blitz October 18 Late 2022"]
[White "Gasparyan, David"]
[Black "Harvey, Marcus R"]
[WhiteFideId "13311980"]
[BlackFideId "400092"]
[WhiteElo "2361"]
[BlackElo "2457"]
[Result "0-1"]
[Round "01"]
[TimeControl "180+1"]
[Date "2022.10.19"]
[WhiteClock "0:00:02"]
[BlackClock "0:00:47"]

1. d4 e6 2. Nf3 c5 3. e3 b6 4. c3 Ba6 5. Bxa6 Nxa6 6. Nbd2 Nc7 7. O-O Nf6 8. Qe2 d5 9. Re1 Be7 10. Ne5 O-O 11. a4 Bd6 12. f4 Qc8 13. Qf3 Qb7 14. a5 b5 15. Nf1 cxd4 16. exd4 Ne4 17. Ng3 f5 18. Nxe4 dxe4 19. Qd1 Qd5 20. Be3 Rfd8 21. Qc2 Rac8 22. a6 Bxe5 23. dxe5 Qc6 24. Bxa7 Nxa6 25. Qb3 Kf7 26. Bd4 Nc5 27. Ra7+ Rd7 28. Rxd7+ Qxd7 29. Qa3 Nd3 30. Ra1 Nxf4 31. Qa7 Rc7 32. Qb8 Ne2+ 33. Kh1 Nxd4 34. Ra8 Nc6 35. Qg8+ Kg6 36. h3 e3 37. Rf8 Kh6 38. h4 e2 39. Kh2 e1=Q 40. Kh3 Qd3+ 0-1


[Site "https://www.chess.com"]

[Event "Titled Tuesday Blitz October 18 Late 2022"]
[White "Gatineau, Yovann"]
[Black "Fedoseev, Vladimir"]
[WhiteFideId "26028999"]
[BlackFideId "24130737"]
[WhiteElo "2275"]
[BlackElo "2726"]
[Result "0-1"]
[Round "01"]
[TimeControl "180+1"]
[Date "2022.10.18"]
[WhiteClock "0:00:20"]
[BlackClock "0:00:03"]

1. Nf3 d5 2. g3 Nd7 3. Bg2 e5 4. O-O Ngf6 5. d3 Bc5 6. c4 dxc4 7. dxc4 e4 8. Nd4 O-O 9. Nc3 Qe7 10. Bg5 Qe5 11. Bxf6 Nxf6 12. Nb3 Bb4 13. Nd5 Rd8 14. Qc2 Nxd5 15. cxd5 e3 16. f4 Qe7 17. Rac1 Bd6 18. Nd4 a6 19. Nf5 Bxf5 20. Qxf5 Re8 21. Rc3 Rad8 22. Rfc1 a5 23. a4 b6 24. Rc6 Bc5 25. h4 Rd6 26. Rxd6 Qxd6 27. Rc4 g6 28. Qd3 f5 29. Bf3 h5 30. Kg2 Kf7 31. Qc3 Qe7 32. b3 Qd6 33. Qa1 Qf6 34. Qxf6+ Kxf6 35. Kf1 Ke7 36. Ke1 Kd6 37. Kd1 Rb8 38. Kc2 b5 39. axb5 Rxb5 40. Ra4 Bb4 41. Kd3 Rc5 42. Kxe3 Rc3+ 43. Kf2 Rxb3 44. Ra2 Ba3 45. e4 a4 46. e5+ Kc5 47. Rc2+ Kb6 48. d6 cxd6 49. Rc6+ Ka5 50. e6 Bc5+ 51. Rxc5+ dxc5 52. Bc6 Rb8 53. e7 a3 54. Bd5 Re8 55. Bc4 Rxe7 56. Kf3 Kb4 0-1


[Site "https://www.chess.com"]

[Event "Titled Tuesday Blitz October 18 Late 2022"]
[White "Georgiadis, Ioannis"]
[Black "Rangel, Daniel"]
[WhiteFideId "4208900"]
[BlackFideId "2124475"]
[WhiteElo "2446"]
[BlackElo "2225"]
[Result "1/2-1/2"]
[Round "01"]
[TimeControl "180+1"]
[Date "2022.10.19"]
[WhiteClock "0:00:05"]
[BlackClock "0:00:05"]

1. e4 c5 2. Nf3 g6 3. c3 Bg7 4. d4 cxd4 5. cxd4 d5 6. e5 Bg4 7. Nbd2 e6 8. h3 Bxf3 9. Nxf3 Ne7 10. Be2 O-O 11. O-O Nbc6 12. Re1 Qb6 13. Rb1 Nf5 14. Be3 Nxe3 15. fxe3 Bh6 16. Bf1 Rac8 17. b4 Ne7 18. g4 Rc3 19. Bd3 Rfc8 20. Kg2 Bg7 21. Re2 Nc6 22. Qd2 Nxb4 23. a3 Rxd3 24. Qxb4 Qxb4 25. Rxb4 b6 26. a4 Ra3 27. Kf2 Bf8 28. Rb1 Rxa4 29. e4 dxe4 30. Rxe4 Rc2+ 31. Kg3 Ra3 32. Rf4 Rcc3 33. g5 Be7 34. Kg4 Rab3 35. Rd1 a5 36. d5 exd5 37. Rxd5 Rb4 38. Rd7 Bc5 39. e6 Rxf4+ 40. Kxf4 fxe6 41. Ne5 Be3+ 42. Kg4 Bd4 43. Nf7 Bg7 44. Nh6+ Bxh6 45. gxh6 Rc4+ 46. Kg5 Rc5+ 47. Kf6 Rf5+ 48. Kxe6 a4 49. Rg7+ Kh8 50. Ra7 Ra5 51. Rb7 Ra8 52. Rxb6 a3 53. Rb1 a2 54. Ra1 Kg8 55. Ke7 Ra6 56. h4 Ra4 57. Ke8 Re4+ 58. Kd7 Kf7 59. Rxa2 Rxh4 60. Rf2+ Kg8 61. Ke7 Re4+ 62. Kf6 Re8 63. Ra2 Rf8+ 64. Ke7 Rb8 65. Ra7 Kh8 66. Kf6 Rf8+ 67. Ke7 Rg8 68. Kf6 g5 69. Rg7 g4 70. Kf7 Ra8 71. Rxg4 Ra7+ 72. Kf8 Ra8+ 73. Kf7 Ra7+ 74. Kf8 Ra8+ 75. Ke7 Ra7+ 76. Kf8 1/2-1/2


[Site "https://www.chess.com"]

[Event "Titled Tuesday Blitz October 18 Late 2022"]
[White "Girel, Joseph"]
[Black "Dzierzak, Radoslaw"]
[WhiteFideId "36033561"]
[BlackFideId "1161407"]
[WhiteElo "2281"]
[BlackElo "2111"]
[Result "1-0"]
[Round "01"]
[TimeControl "180+1"]
[Date "2022.10.19"]
[WhiteClock "0:00:46"]
[BlackClock "0:00:05"]

1. Nf3 Nf6 2. b3 e6 3. Bb2 Be7 4. e3 O-O 5. c4 d5 6. Nc3 c5 7. cxd5 Nxd5 8. Qb1 Nxc3 9. Bxc3 Nc6 10. h4 f6 11. Bd3 e5 12. Bxh7+ Kh8 13. Bf5 Qd5 14. Ng5 Bxf5 15. Qxf5 fxg5 16. hxg5+ Kg8 17. Qh7+ Kf7 18. O-O-O Rh8 19. Qf5+ Kg8 20. g6 Rh6 21. Rxh6 gxh6 22. e4 Rf8 23. Qxf8+ Bxf8 24. exd5 Ne7 25. Re1 Nxd5 26. Rxe5 Nf4 27. Re8 Nxg6 28. Rb8 b6 29. Rb7 Nf4 30. g3 Nd5 31. Rxa7 b5 32. Kc2 b4 33. Be5 Be7 34. Kd3 Kf7 35. Ke4 Nf6+ 36. Bxf6 Kxf6 1-0


[Site "https://www.chess.com"]